 Dungeon Crawl Stone Soup version 0.26-a0-663-g36e8fdb655 (webtiles) character file.

Game seed: 4482507836388073018

1 somkeydreadnuts the Grasshopper (level 1, 19/19 HPs)
             Began as a Deep Dwarf Warper on Oct 12, 2020.
             Got out of the dungeon alive.
             The game lasted 00:02:36 (43 turns).

somkeydreadnuts the Grasshopper (Deep Dwarf Warper)   Turns: 43, Time: 00:02:36

Health: 19/19      AC:  3    Str: 14    XL:     1   Next: 16%
Magic:  3/3        EV: 12    Int: 13    God:
Gold:   0          SH:  0    Dex: 12    Spells: 3/3 levels left

rFire    . . .     SeeInvis .   a - +0 hand axe
rCold    . . .     Faith    .   (no shield)
rNeg     . . .     Spirit   .   b - +0 leather armour
rPois    .         Reflect  .   (no helmet)
rElec    .         Harm     .   (no cloak)
rCorr    .         Rampage  .   (no gloves)
MR       .....                  (no boots)
Stlth    +.........             (no amulet)
HPRegen  0.00/turn              (no ring)
MPRegen  0.08/turn              (no ring)

@: non-regenerating
A: damage resistance, heal wounds, sense surroundings 1, no regeneration
a: Heal Wounds


You escaped.
You visited 1 branch of the dungeon, and saw 1 of its levels.

Inventory:

Hand Weapons
 a - a +0 hand axe (weapon)
Missiles
 e - 5 boomerangs of dispersal (quivered)
Armour
 b - a +0 leather armour (worn)
Scrolls
 c - a scroll of identify {unknown}
 d - a scroll of blinking
Potions
 f - a potion of might {unknown}


   Skills:
 + Level 1.9 Fighting
 + Level 2.1 Axes
 + Level 0.8 Throwing
 + Level 1.1 Armour
 + Level 2.1 Dodging
 + Level 1.7 Spellcasting
   Level 3.2 Translocations


You had 3 spell levels left.
You didn't know any spells.
Your spell library contained the following spells:

 Spells                   Type           Power        Failure   Level
 Blink                    Tloc           N/A          13%         2
 Gell's Gravitas          Tloc           #.........   26%         3
 Lesser Beckoning         Tloc           #.........   26%         3
 Teleport Other           Tloc           #.......     26%         3
 Passage of Golubria      Tloc           N/A          63%         4


Dungeon Overview and Level Annotations

Branches:
Dungeon (1/15)

Altars:


Innate Abilities, Weirdness & Mutations

You are resistant to damage.
You can heal yourself by infusing magical energy.
You passively map a small area around you.
You do not regenerate.


Message History

The ball python hisses angrily.
You completely miss the ball python.
The ball python bites you but does no damage.
The ball python closely misses you.
You hit the ball python.
You kill the ball python!
Found an orange potion.
f - an orange potion You don't know any spells.
You don't know any spells.
Press: ? - help, v - describe, . - travel The floor.
Okay, then.
You don't know any spells.
You don't know any spells.
Unknown command.
There is a fountain of clear blue water here.
There is a staircase leading out of the dungeon here.
Are you sure you want to leave the Dungeon?
This will make you lose the game!
You have escaped!

#######################
#.....................#
#...8...8.............#
#..........#########..#
#.⌠......⌠.#≈≈≈≈≈≈≈#...
#.....@..[.#;≈≈≈≈≈≈#...
#.⌠......⌠.#≈≈≈≈≈≈≈#...
#..........#########..#
#...8...8.............#
#.....................#
################## *


You could see an electric eel.

Vanquished Creatures
  A ball python (D:1)
1 creature vanquished.

Notes
Turn   | Place    | Note
-------+----------+-------------------------------------------
     0 | D:1      | somkeydreadnuts the Deep Dwarf Warper began the quest for
                  | the Orb.
     0 | D:1      | Reached XP level 1. HP: 19/19 MP: 3/3
    12 | D:1      | Noticed an electric eel
    43 | D:$      | Got out of the dungeon alive.

Illustrated notes

Levels and vault maps discovered:
D:1:      arrival_aquarium_a, layout_loops_ring

Action                   || total
-------------------------++-------
Melee: Hand axe          ||     2
Armor: Leather armour    ||     1
Dodge: Dodged            ||     1

Table legend: (Time is in decaauts)
 A = Elapsed time spent in this place.
 B = Non-inter-level travel time spent in this place.
 C = Inter-level travel time spent in this place.
 D = Time resting spent in this place.
 E = Time spent auto-exploring this place.
 F = Levels seen in this place.
 G = Mean time per level.
                   A        B        C        D        E       F      G
               +--------+--------+--------+--------+--------+-----+--------+
         Total |     43 |     36 |      7 |      0 |      5 |   1 |   43.0 |
       Dungeon |     43 |     36 |      7 |      0 |      5 |   1 |   43.0 |
               +--------+--------+--------+--------+--------+-----+--------+

Top non-repeatable levels by time:
     D:1: 43 daAuts
